 Dungeon Crawl Stone Soup version 0.19-a0-713-g934ebc7 (webtiles) character file.

1000 XuXuBLZ the Covered (level 8, -4/67 HPs)
             Began as a Minotaur Gladiator on June 20, 2016.
             Was a Follower of Makhleb.
             Slain by a vampire mosquito (6 damage)
             ... on level 7 of the Dungeon.
             The game lasted 00:30:24 (3902 turns).

XuXuBLZ the Covered (Minotaur Gladiator)            Turns: 3902, Time: 00:30:24

Health: -4/67      AC: 13    Str: 22    XL:     8   Next: 0%
Magic:  7/7        EV:  4    Int:  5    God:    Makhleb [*.....]
Gold:   288        SH: 17    Dex: 11    Spells: 0 memorised, 7 levels left

rFire  . . .     SeeInvis .     a - +0 war axe
rCold  . . .     Gourm    .     N - +0 plate armour
rNeg   . . .     Faith    .     t - +2 large shield
rPois  .         Spirit   .     c - +0 hat
rElec  .         Dismiss  .     (no cloak)
rCorr  .         Reflect  .     (no gloves)
SustAt .         Harm     .     (no boots)
MR     .....                    (no amulet)
Stlth  ..........               (no ring)
                                (no ring)

@: not resistant to hostile enchantments, extremely unstealthy
A: retaliatory headbutt, horns 2
a: Renounce Religion


You were on level 7 of the Dungeon.
You worshipped Makhleb.
Makhleb was aware of your devotion.
You were not hungry.

You visited 1 branch of the dungeon, and saw 6 of its levels.

You collected 288 gold pieces.

Inventory:

Hand Weapons
 a - a +0 war axe (weapon)
 w - a +2 quarterstaff of chaos
 B - a +0 vampiric hand axe
 K - the +2 great sword of Meices {freeze, Str+7 Dex-4, unknown}
   (You found it on level 5 of the Dungeon)

   It has been specially enchanted to freeze those struck by it, causing extra
   injury to most foes and up to half again as much damage against particularly
   susceptible opponents.
   It can also slow down cold-blooded creatures.
   It affects your strength (+7).
   It affects your dexterity (-4).
 M - a +0 battleaxe
Missiles
 d - 3 throwing nets (quivered)
 o - 77 stones
Armour
 b - a +0 leather armour
 c - a +0 hat (worn)
 e - a +0 scale mail
 n - a +0 ring mail
 r - a +0 chain mail
 t - a +2 large shield (worn)
 y - a cursed +0 cloak
 D - a +0 shield
 F - a +0 leather armour of positive energy
 I - a +2 buckler
 N - a +0 plate armour (worn)
Wands
 x - a wand of random effects (28/48)
 E - a wand of lightning (4/15)
 G - a wand of flame (0/48)
Scrolls
 h - 3 scrolls of remove curse {unknown}
 j - 7 scrolls of identify {unknown}
 k - 2 scrolls of fear {unknown}
 l - a scroll of recharging {unknown}
 C - a scroll of enchant armour {unknown}
Potions
 i - 3 potions of cancellation {unknown}
 m - 5 potions of curing {unknown}
 p - a potion of cure mutation {unknown}
 q - 2 potions of lignification {unknown}
 s - 3 potions of heal wounds {unknown}
 v - 3 potions of flight {unknown}
 z - a potion of invisibility {unknown}
 H - a potion of might {unknown}
Books
 A - a book of Ice

   Spells                             Type                      Level
   a - Ice Form                       Ice/Transmutation            4
   b - Metabolic Englaciation         Hexes/Ice                    5
   c - Ozocubu's Refrigeration        Ice                          6
   d - Bolt of Cold                   Conjuration/Ice              6
   e - Freezing Cloud                 Conjuration/Ice/Air          6
   f - Simulacrum                     Ice/Necromancy               6
Comestibles
 f - 5 bread rations
 g - 2 meat rations
 u - 2 royal jellies
 J - 3 fruits
 L - 3 chunks of flesh


   Skills:
 + Level 4.6 Fighting
 + Level 5.7 Axes
 - Level 2.3 Throwing
 * Level 6.8 Armour
 - Level 3.2 Dodging
 - Level 0.1 Stealth
 + Level 5.6 Shields


You had 7 spell levels left.
You didn't know any spells.

Dungeon Overview and Level Annotations

Branches:
Dungeon (5/15)
 Temple: D:4-7

Altars:
Hepliaklqana
Makhleb
Pakellas
Trog
Vehumet
Yredelemnul
The Shining One


Innate Abilities, Weirdness & Mutations

You reflexively headbutt those who attack you in melee.
You have a pair of horns on your head.


Message History

The vampire mosquito bites you.
* * * LOW HITPOINT WARNING * * *
The vampire mosquito draws strength from your injuries!
The vampire mosquito barely misses you.
Drop what? 40/52 slots (_ for help) (? for menu, Esc to quit)
Okay, then.
Unknown command.
You block the vampire mosquito's attack.
The vampire mosquito bites you!
* * * LOW HITPOINT WARNING * * *
The vampire mosquito draws strength from your injuries!
You are too injured to fight recklessly!
You are too injured to fight recklessly!
You are too injured to fight recklessly!
You are too injured to fight recklessly!
You are too injured to fight recklessly!
You are too injured to fight recklessly!
You block the vampire mosquito's attack.
The vampire mosquito bites you.
You die...

..#..#.
.......
.......
...y..
###....
.......
....>..#####
........yy.#
.....%.###@#
....... #.#
....... #.#
....... #.#
....... #.#
.......
#.##########
.......
#..........#
##########.##
#####....#


You could see 2 vampire mosquitoes.

Vanquished Creatures
  2 vampire mosquitoes (D:7)
  A centaur (D:5)
  A scorpion (D:5)
  A water moccasin skeleton (D:4)
  A howler monkey (D:4)
  2 crimson imps
  A centaur skeleton (D:5)
  A giant frog skeleton (D:5)
  Crazy Yiuf (D:2)
  Ijyb (D:2)
  Natasha (thrice) (D:2)
  An iguana (D:5)
  3 worker ants
  10 adders
  A shadow imp (D:5)
  5 worms (D:2)
  A dart slug (D:2)
  7 giant geckos
  4 orcs
  A bat (D:1)
  10 giant cockroaches
  2 goblins
  6 hobgoblins
  7 jackals (D:3)
  10 kobolds
  2 ball pythons
  5 giant newts
  6 rats
96 creatures vanquished.

Notes
Turn   | Place    | Note
--------------------------------------------------------------
     0 | D:1      | XuXuBLZ the Minotaur Gladiator began the quest for the Orb.
     0 | D:1      | Reached XP level 1. HP: 18/18 MP: 0/0
    99 | D:1      | Reached skill level 1 in Armour
   149 | D:1      | Reached XP level 2. HP: 23/25 MP: 1/1
   664 | D:2      | Noticed Ijyb
   714 | D:2      | Reached skill level 2 in Armour
   764 | D:2      | Killed Ijyb
   764 | D:2      | Reached XP level 3. HP: 22/30 MP: 2/2
   983 | D:2      | Reached XP level 4. HP: 36/37 MP: 3/3
  1173 | D:2      | Noticed Natasha
  1192 | D:2      | Killed Natasha
  1192 | D:2      | Reached skill level 3 in Armour
  1367 | D:2      | Found an oddly glowing altar of Pakellas.
  1413 | D:2      | Noticed Natasha
  1426 | D:2      | Killed Natasha
  1426 | D:2      | Reached XP level 5. HP: 18/45 MP: 4/4
  1600 | D:2      | Noticed Natasha
  1603 | D:2      | Killed Natasha
  1603 | D:2      | Reached skill level 1 in Shields
  1660 | D:2      | Noticed Crazy Yiuf
  1663 | D:2      | Killed Crazy Yiuf
  1794 | D:2      | Found a hazy altar of Hepliaklqana.
  1893 | D:3      | Found a glowing golden altar of the Shining One.
  2061 | D:3      | Reached skill level 5 in Axes
  2169 | D:3      | Reached skill level 4 in Armour
  2481 | D:3      | Found a burning altar of Makhleb.
  2482 | D:3      | Found a radiant altar of Vehumet.
  2483 | D:3      | Reached XP level 6. HP: 43/52 MP: 5/5
  2518 | D:3      | Became a worshipper of Makhleb the Destroyer
  2650 | D:4      | Reached skill level 5 in Armour
  3284 | D:5      | Entered Level 5 of the Dungeon
  3291 | D:5      | Got a warped great sword
  3437 | D:5      | Reached XP level 7. HP: 52/59 MP: 6/6
  3587 | D:5      | Reached * piety under Makhleb
  3615 | D:5      | Reached skill level 6 in Armour
  3801 | D:5      | Found a bloodstained altar of Trog.
  3802 | D:5      | Found a basalt altar of Yredelemnul.
  3818 | D:5      | You fall through a shaft for 2 floors!
  3855 | D:7      | Noticed a vampire mosquito
  3855 | D:7      | Noticed a vampire mosquito
  3856 | D:7      | Noticed a vampire mosquito
  3856 | D:7      | Noticed a vampire mosquito
  3882 | D:7      | Killed a vampire mosquito
  3882 | D:7      | Reached skill level 5 in Shields
  3892 | D:7      | Killed a vampire mosquito
  3892 | D:7      | Reached XP level 8. HP: 24/67 MP: 7/7
  3901 | D:7      | HP: 2/67 [vampire mosquito (8)]
  3902 | D:7      | Slain by a vampire mosquito

Vault maps used:
D:1:      minmay_arrival_stone_box
D:2:      overflow_temple_1_default, marbit_many_paths, uniq_crazy_yiuf_cottage,
          uniq_natasha, uniq_iyjb
D:3:      grunt_temple_overflow_lords_of_destruction, tso_altar
D:5:      minitemple, first_bread, grunt_decor_cap
D:7:      nicolae_gozag_zags_fifth_avenue

Skill      XL: |  1  2  3  4  5  6  7 |
---------------+----------------------+-----
Armour         | 1 2 3 4 5 6 |  6.8
Axes           | 4 5 |  5.7
Fighting       | 3 4 |  4.6
Shields        | 2 3 5 |  5.6
Throwing       | |  2.3
Dodging        | |  3.2
Stealth        | |  0.1

Action                   |  1- 3 |  4- 6 |  7- 9 || total
-------------------------+-------+-------+-------++-------
Melee: War axe           |    66 |   210 |    75 ||   351
       Headbutt          |     9 |    35 |    13 ||    57
  Eat: Chunk             |       |     8 |     2 ||    10
Armor: Scale mail        |    20 |       |       ||    20
       Chain mail        |     1 |    72 |    13 ||    86
       Plate armour      |       |       |    26 ||    26
Dodge: Dodged            |    45 |    23 |    13 ||    81
Block: Large shield      |       |   166 |    91 ||   257
